AoeStats
← Beerial

Nomad

510182477Analyzed
3v3 RM · 2d ago on Sep 29, 2026· 36m 57s· 6 players
Game mode
Random Map
Map size
210×210
Population
200
Speed
Normal
Resources
Standard
Victory
Conquest
Starting age
Dark Age
Ending age
Imperial Age
RankedLock teamsTeams togetherTeam positionsShared explorationLock speedFull tech treeHidden civsTurbo modeCheats
Victory
Defeat
🇨🇦 Maya · Canada
1452
+12
🇫🇷 Wei · France
1373
+15
🇸🇪 Inca · Sweden
1300
+18
🇦🇷 Tatars · Argentina
1413
-17
🇺🇾 Koreans · Uruguay
1372
-16
🇦🇷 Britons · Argentina
1289
-12
< Cobrander >
5:07 Loom
13:46 Feudal Age
20:40 Double-Bit Axe
21:37 Fletching
30:15 Castle Age
Beerial
7:56 Loom
13:40 Feudal Age
14:44 Double-Bit Axe
15:58 Fletching
19:55 Castle Age
20:51 Medium Warships
20:38 Bodkin Arrow
20:43 Horse Collar
21:25 Bow Saw
21:58 Heavy Plow
23:50 Wheelbarrow
23:31 Scale Barding Armor
23:37 Forging
23:26 Fishing Lines
25:58 Chain Barding Armor
26:42 Town Watch
27:12 Gillnets
30:58 Iron Casting
33:26 Bloodlines
33:16 Husbandry
32:42 Light Cavalry
33:35 Bloodlines
33:25 Husbandry
33:32 Light Cavalry
johg0001
4:29 Loom
12:33 Feudal Age
17:13 Castle Age
15:38 Double-Bit Axe
16:29 Scale Mail Armor
16:04 Champi Runner
17:56 Gold Mining
18:17 Bow Saw
19:02 Town Watch
19:50 Champi Warrior
21:14 Chain Mail Armor
24:40 Wheelbarrow
26:30 Squires
26:57 Forging
28:20 Medium Warships
29:51 Horse Collar
32:16 Arson
34:04 Iron Casting
BoxStars
6:31 Loom
13:19 Feudal Age
17:58 Castle Age
16:39 Double-Bit Axe
17:51 Horse Collar
18:24 Loom
18:33 Fletching
20:37 Bow Saw
20:30 Heavy Plow
20:39 Crossbowman
23:07 Padded Archer Armor
Dino_Mate
4:23 Loom
12:12 Feudal Age
12:14 Man-at-Arms
13:08 Double-Bit Axe
16:15 Town Watch
16:34 Fletching
22:42 Castle Age
21:13 Gold Mining
22:53 Crossbowman
23:36 Bodkin Arrow
33:12 Wheelbarrow
35:58 Horse Collar
37:05 Forging
[SotC] Tupamaro
13:37 Feudal Age
12:38 Loom
17:48 Castle Age
17:22 Fishing Lines
20:42 Medium Warships
22:08 Double-Bit Axe
27:07 Fletching
27:43 Bodkin Arrow
29:44 Crossbowman
33:11 Thumb Ring
Connection lost

Rejoining the realm…

Still unreachable

The connection could not be restored.

Session expired

The server has moved on; the page needs a fresh start.